[Event "*** Titled Tuesday Blitz"]
[Site "Chess.com"]
[Date "2020.11.03"]
[Round "10"]
[White "Ausbildung"]
[Black "DinaBelenkaya"]
[Result "1-0"]
[WhiteElo "2226"]
[BlackElo "2327"]
[TimeControl "180+1"]
[EndTime "11:59:07 PST"]
[Termination "Ausbildung won by resignation"]

1. e4 d5 2. exd5 Qxd5 3. Nc3 Qa5 4. d4 Nf6 5. Nf3 c6 6. h3 Bf5 7. Ne5 e6 8. g4 Bg6 9. h4 Nbd7 10. Nc4 Qc7 11. h5 Be4 12. Nxe4 Nxe4 13. Qf3 Nef6 14. Bf4 Qd8 15. Bd6 Nb6 16. Bxf8 Rxf8 17. O-O-O Nfd5 18. Ne5 Qg5+ 19. Kb1 Qf4 20. Qe2 h6 21. Bg2 O-O-O 22. c4 Ne7 23. Rh3 Rxd4 24. Rxd4 Qxd4 25. Rd3 Qf4 26. b3 Qh2 27. Nxf7 Qxg2 28. Qxe6+ Kb8 29. Qd6+ Ka8 30. Qxe7 Qf1+ 31. Kc2 Qxf2+ 32. Rd2 Qxd2+ 33. Kxd2 Rc8 34. Nd6 Rb8 35. Qxg7 1-0

[Event "*** Titled Tuesday Blitz"]
[Site "Chess.com"]
[Date "2020.11.03"]
[Round "10"]
[White "AntonovaNadezhda"]
[Black "Chessbard1972"]
[Result "0-1"]
[WhiteElo "2125"]
[BlackElo "2283"]
[TimeControl "180+1"]
[EndTime "11:59:07 PST"]
[Termination "Chessbard1972 won by checkmate"]

1. d4 d5 2. Nf3 c5 3. e3 Nf6 4. c3 Nc6 5. dxc5 e5 6. Bb5 e4 7.
Nd4 Bd7 8. b4 Ne5 9. Bxd7+ Qxd7 10. O-O Be7 11. Nd2 O-O 12. Qc2 Qf5 13. f3 Qh5 14.
fxe4 Neg4 15. N2f3 dxe4 16. h3 exf3 17. hxg4 Nxg4 18.
Nxf3 Bg5 19. e4 Bxc1 20. Qxc1 h6 21. Qf4 Rae8 22. Rae1 f5 23. e5 g5 24. Qc4+ Kh7 25. e6 f4 26. Qe4+ Qg6 27. Qxb7+ Kh8 28. Qe4 Qh5 29.
Qd4+ Kg8 30. c6 Ne3 31. Rf2 g4 32. Ne5 g3 33. Nf3 gxf2+ 34. Kxf2 Qg6 35. Rxe3 fxe3+ 36. Qxe3 Rxe6 37. Qxa7 Rxc6 38. Qd4 Rd6 39. Qc4+ Kh8 40. b5 Qc2+ 41. Kg3 Rg6+ 42. Kh4 Qxg2 43. Qd4+ Rg7 44.
Ne5 Qh2# 0-1

[Event "*** Titled Tuesday Blitz"]
[Site "Chess.com"]
[Date "2020.11.03"]
[Round "10"]
[White "Smirnov_Pavel"]
[Black "DryCounty"]
[Result "1-0"]
[WhiteElo "2837"]
[BlackElo "2568"]
[TimeControl "180+1"]
[EndTime "11:59:08 PST"]
[Termination "Smirnov_Pavel won by resignation"]

1. d4 Nf6 2. c4 g6 3. Nf3 Bg7 4. Nc3 O-O 5. e4 d6 6. Be2 e5 7. d5 Na6 8. O-O c5 9. Rb1 Nh5 10. a3 f5 11. b4 Nf6 12. Ng5 Qe7 13. Be3 f4 14. Bd2 h6 15. Ne6 Bxe6 16. dxe6 Qxe6 17. Nd5 Qf7 18. Nxf6+ Bxf6 19. Bg4 Kh7 20. Qe2 b6 21. Rfd1 Nc7 22. Be1 Rad8 23. a4 h5 24. Bh3 Ne6 25.
Bxe6 Qxe6 26. a5 cxb4 27. axb6 axb6 28. Rxb4 Be7 29. Rxb6 f3 30. gxf3 Rc8 31. Bb4 Rxc4 32. Bxd6 Rd8 33. Rb7 Rxd6 34. Rxd6 Rc1+ 35. Rd1 Rxd1+ 36.
Qxd1 Kh6 37. Qd7 Qc4 38. Qxe7 Qc1+ 39. Kg2 1-0

[Event "*** Titled Tuesday Blitz"]
[Site "Chess.com"]
[Date "2020.11.03"]
[Round "10"]
[White "GelmanAlexander"]
[Black "SanchezKelvin"]
[Result "1-0"]
[WhiteElo "2599"]
[BlackElo "2434"]
[TimeControl "180+1"]
[EndTime "11:59:08 PST"]
[Termination "GelmanAlexander won by checkmate"]

1. d4 Nf6 2. Nc3 d5 3. Bf4 c5 4. e3 cxd4 5. exd4 a6 6. Nf3 Nc6 7. Ne5 Qb6 8. Nxc6 bxc6 9. Na4 Qa5+ 10. c3 Bg4 11. f3 Bf5 12. g4 Bc8 13. Bd3 Nd7 14.
b4 Qd8 15. Kf2 e6 16. h4 Be7 17. g5 h6 18. Qd2 hxg5 19. hxg5 Rxh1 20. Rxh1 a5 21.
Rh8+ Nf8 22. Nc5 axb4 23. cxb4 Qb6 24. a4 Bd7 25. a5 Qa7 26. Qc3 e5 27. Bxe5 Bxg5 28.
Bd6 Be7 29. Qe1 Bc8 30. b5 cxb5 31. Bxb5+ Kd8 32. Rxf8+ Bxf8 33. Qe8# 1-0

[Event "*** Titled Tuesday Blitz"]
[Site "Chess.com"]
[Date "2020.11.03"]
[Round "10"]
[White "boasovietica"]
[Black "Fandorine"]
[Result "0-1"]
[WhiteElo "2566"]
[BlackElo "2833"]
[TimeControl "180+1"]
[EndTime "11:59:09 PST"]
[Termination "Fandorine won on time"]

1. e4 c5 2. Nf3 e6 3. d4 cxd4 4. Nxd4 Nc6 5. Nb3 Nf6 6. Nc3 Bb4 7. Bd3 d5 8. exd5 Nxd5 9. Bd2 Nxc3 10. bxc3 Bd6 11.
Qh5 Ne5 12. Be4 Ng6 13. Bg5 Qc7 14. O-O O-O 15. Rad1 Bf4 16. Rd3 Bxg5 17. Qxg5 h6 18. Qd2 f5 19. Bf3 Ne5 20. Rd4 Nxf3+ 21. gxf3 e5 22. Rd6 Qf7 23. Nc5 b6 24. Nd7 Bxd7 25. Rxd7 Qxa2 26. Re1 Qe6 27. Rd6 Qe7 28. Qd5+ Kh7 29.
Rxe5 Qg5+ 30. Kf1 Rad8 31. Ree6 Rxd6 32. Rxd6 Qc1+ 33. Kg2 Qxc2 34. Qe5 Qb3 35. Rd7 Rf7 36. Rd8 Rf6 37. h4 Rg6+ 38. Kh2 Qb1 0-1

[Event "*** Titled Tuesday Blitz"]
[Site "Chess.com"]
[Date "2020.11.03"]
[Round "10"]
[White "shnitez"]
[Black "GregShahade"]
[Result "0-1"]
[WhiteElo "2526"]
[BlackElo "2651"]
[TimeControl "180+1"]
[EndTime "11:59:11 PST"]
[Termination "GregShahade won on time"]

1. e4 e5 2. Nf3 Nc6 3. Bc4 Nf6 4. d3 Bc5 5. O-O a6 6. Nc3 h6 7. a3 d6 8. Be3 O-O 9. Bxc5 dxc5 10. h3 Qe7 11.
Nd5 Nxd5 12. Bxd5 Nd8 13. Re1 Qf6 14. Qe2 Ne6 15. Qe3 Nf4 16. h4 Bg4 17. Nh2 Qxh4 18.
g3 Nh3+ 19. Kg2 Qh5 20. Nxg4 Qxg4 21. Qxc5 Ng5 22. Qe3 c6 23. Ba2 Kh8 24. Rh1 Ne6 25. Rxh6+ gxh6 26. Qxh6+ Kg8 27. Rh1 Qg7 28. Qh5 Nf4+ 0-1

[Event "*** Titled Tuesday Blitz"]
[Site "Chess.com"]
[Date "2020.11.03"]
[Round "10"]
[White "Chopper1905"]
[Black "joppie2"]
[Result "0-1"]
[WhiteElo "2923"]
[BlackElo "2919"]
[TimeControl "180+1"]
[EndTime "11:59:14 PST"]
[Termination "joppie2 won by checkmate"]

1. d4 Nf6 2. Bf4 d5 3. e3 c5 4. c3 Nc6 5. Nd2 Qb6 6. Qb3 Qxb3 7. axb3 Nh5 8. dxc5 e5 9. Bg5 h6 10. Bh4 g5 11. Be2 gxh4 12. Bxh5 Bxc5 13. Ngf3 h3 14. g3 Ke7 15. b4 Bd6 16. e4 d4 17. Nc4 dxc3 18.
bxc3 Bc7 19. Ne3 Be6 20. Bg4 Rhd8 21. Ke2 Bb6 22. Bxe6 fxe6 23. Nc4 Rac8 24. Nxb6 axb6 25. Rhd1 Rxd1 26. Rxd1 b5 27. Ng1 Nb8 28. Rd3 Nd7 29. Nxh3 Nb6 30. f4 Na4 31. Kd2 Nb2 32. Rf3 Nc4+ 33.
Ke2 Ra8 34. Rf2 Ra3 35. fxe5 Nxe5 36. Nf4 Rxc3 37. Kd2 Rb3 38. Rf1 Rxb4 39. Ra1 Ra4 40. Rb1 b4 41. Ke3 Kd6 42. Kd4 Ra3 43. Rb2 b5 44. Rb1 Nf3# 0-1

[Event "*** Titled Tuesday Blitz"]
[Site "Chess.com"]
[Date "2020.11.03"]
[Round "10"]
[White "KetiGrant"]
[Black "tan275"]
[Result "1-0"]
[WhiteElo "2305"]
[BlackElo "2185"]
[TimeControl "180+1"]
[EndTime "11:59:14 PST"]
[Termination "KetiGrant won on time"]

1. e4 c6 2. d4 d5 3. e5 Bf5 4. Nd2 e6 5. Nb3 c5 6. dxc5 Bxc5 7. Nxc5 Qa5+ 8. Bd2 Qxc5 9. c3 Qc7 10. f4 Nc6 11. Nf3 Nh6 12. h3 Be4 13. Ng5 Nf5 14. Nxe4 dxe4 15.
g4 Nh4 16. Be3 Rd8 17. Qc2 O-O 18. Qxe4 Na5 19. Bd3 Rxd3 20. Qxd3 Ng2+ 21. Kf2 Rd8 22. Bd4 Nxf4 23. Qf3 Ng6 24. Rad1 Nc6 25. Rhe1 h6 26. Qe4 Qe7 27. Kg2 Nxd4 28. cxd4 Rc8 29. Rc1 1-0

[Event "*** Titled Tuesday Blitz"]
[Site "Chess.com"]
[Date "2020.11.03"]
[Round "10"]
[White "politeplayer"]
[Black "Forantes"]
[Result "1/2-1/2"]
[WhiteElo "2225"]
[BlackElo "2358"]
[TimeControl "180+1"]
[EndTime "11:59:14 PST"]
[Termination "Game drawn by repetition"]

1. e4 c5 2. Nf3 Nc6 3. d4 cxd4 4. Nxd4 e5 5. Nb5 a6 6. Nd6+ Bxd6 7. Qxd6 Qf6 8.
Qxf6 Nxf6 9. Nc3 Nb4 10. Bd3 d6 11. Bg5 Be6 12. Bxf6 gxf6 13. O-O-O Rc8 14. a3 Nc6 15.
Nd5 Bxd5 16. exd5 Nd4 17. c3 Ke7 18. Kb1 Nb3 19. Bf5 Rc7 20. Rd3 Rg8 21. Rg3 Rxg3 22. hxg3 Rc5 23. Rxh7 Rxd5 24. Kc2 Na1+ 25. Kc1 Nb3+ 26. Kc2 Na1+ 27. Kc1 Kf8 28. Be4 Rb5 29.
b4 f5 30. Bxf5 e4 31. Bxe4 Re5 32. f3 d5 33. Bd3 d4 34. cxd4 Nb3+ 35. Kb2 Nxd4 36.
Bc4 Ne6 37. Bxe6 Rxe6 38. Kc3 Re2 39. Rh2 Re3+ 40. Kb2 Re2+ 41. Kb3 Re3+ 42. Kb2 Re2+ 43. Kb3 Re3+ 44. Kb2 1/2-1/2

[Event "*** Titled Tuesday Blitz"]
[Site "Chess.com"]
[Date "2020.11.03"]
[Round "10"]
[White "Sergienko_Sergey"]
[Black "HanSchut"]
[Result "1-0"]
[WhiteElo "2320"]
[BlackElo "2197"]
[TimeControl "180+1"]
[EndTime "11:59:16 PST"]
[Termination "Sergienko_Sergey won by resignation"]

1. e4 c5 2. Nf3 d6 3. d4 cxd4 4. Nxd4 Nf6 5. Nc3 a6 6. Bg5 e6 7. Qf3 Nbd7 8. O-O-O Qc7 9. Qg3 b5 10. a3 Bb7 11. f3 O-O-O 12. Be2 Kb8 13. Rhe1 Rc8 14.
Kb1 Be7 15. Be3 Ne5 16. Qf2 Nc4 17. Bxc4 Qxc4 18. Nb3 b4 19. Na5 bxc3 20. Nxc4 Rxc4 21. b3 Rc6 22. Bd4 Rhc8 23. e5 dxe5 24. Bxe5+ Ka8 25. Bxf6 gxf6 26. Rd7 Bc5 27. Qh4 Rb6 28. Ka2 Bd5 29. Qxf6 Rcb8 30. Rxd5 exd5 31. Qxf7 d4 32. Qd5+ 1-0

[Event "*** Titled Tuesday Blitz"]
[Site "Chess.com"]
[Date "2020.11.03"]
[Round "10"]
[White "zurzan"]
[Black "ciucas1892"]
[Result "0-1"]
[WhiteElo "2060"]
[BlackElo "2244"]
[TimeControl "180+1"]
[EndTime "11:59:16 PST"]
[Termination "ciucas1892 won by resignation"]

1. f4 g6 2. Nf3 Bg7 3. g3 d5 4. Bg2 c5 5. O-O Nf6 6. d3 O-O 7. c3 Nc6 8. Qc2 Qb6 9. h3 Rd8 10. Na3 h6 11. Kh2 Be6 12. e4 dxe4 13. dxe4 Qa6 14. Be3 Qd3 15. Qxd3 Rxd3 16. Bxc5 Nxe4 17. Bg1 Rad8 18. Nc2 Nd2 19. Nxd2 Rxd2 20. Rac1 Bxa2 21. Rf2 Rxf2 22. Bxf2 Rd2 23. Be3 Re2 24. Nb4 Nxb4 25. cxb4 Rxe3 26. Bxb7 Bxb2 27. Rc8+ Kg7 28. g4 Re2+ 29.
Kg3 g5 30. f5 Be5+ 31. Kf3 Rb2 32. Bc6 Rxb4 33. Rd8 a5 34. Rd2 Bb3 35. Be4 a4 36. Bb1 a3 37. Ke2 Bc4+ 38. Kd1 Rxb1+ 39. Kc2 Rb2+ 40.
Kc1 Rxd2 41. Kxd2 a2 0-1

[Event "*** Titled Tuesday Blitz"]
[Site "Chess.com"]
[Date "2020.11.03"]
[Round "10"]
[White "KuzubovYuriy"]
[Black "Andreikka"]
[Result "0-1"]
[WhiteElo "2838"]
[BlackElo "2926"]
[TimeControl "180+1"]
[EndTime "11:59:18 PST"]
[Termination "Andreikka won on time"]

1. d4 Nf6 2. c4 e6 3. Nf3 d5 4. g3 Bb4+ 5. Bd2 Be7 6. Bg2 Nbd7 7.
Qc2 O-O 8. O-O c6 9. Rd1 b6 10. Bf4 Ba6 11. b3 Nh5 12. Bc1 Nhf6 13. Bb2 Rc8 14.
Nbd2 c5 15. Rac1 Qc7 16. Qb1 Qb8 17. e4 cxd4 18. exd5 e5 19. Re1 Bd6 20. a3 b5 21.
Bf1 bxc4 22. bxc4 Nc5 23. Qc2 Rfe8 24. Rb1 Qc7 25. Ng5 h6 26. Nge4 Nfxe4 27. Nxe4 Nxe4 28. Qxe4 Qc5 29. Bd3 g6 30. Qh4 Bf8 31. Bc1 Bxc4 32. Bxc4 Qxc4 33. Bxh6 Qxd5 34. Bxf8 Rxf8 35. Qf6 Rfe8 36.
Rbd1 Re6 37. Qg5 Rd8 38. h4 e4 39. Qg4 Qf5 40. Qxf5 gxf5 41. Re2 Kg7 42. Rb2 Rd7 43. Rb5 Kf6 44. Kf1 Rc6 45. Rd2 Rc1+ 46. Kg2 d3 47. g4 fxg4 48. Kg3 Rdc7 49. Kf4 R7c2 50. Rxc2 dxc2 51.
Rf5+ Kg7 52. Rc5 g3 0-1

[Event "*** Titled Tuesday Blitz"]
[Site "Chess.com"]
[Date "2020.11.03"]
[Round "10"]
[White "Vesper2018"]
[Black "swimmerchess"]
[Result "0-1"]
[WhiteElo "2628"]
[BlackElo "2850"]
[TimeControl "180+1"]
[EndTime "11:59:20 PST"]
[Termination "swimmerchess won by resignation"]

1. e4 c5 2. Nc3 a6 3. Nf3 b5 4.
d4 cxd4 5. Nxd4 Bb7 6. g3 b4 7.
Nd5 e6 8. Bg2 exd5 9. exd5 Bd6 10. Nf5 Qf6 11. Nxd6+ Qxd6 12. Bf4 Qe7+ 13. Kd2 Qf6 14.
Re1+ Ne7 15. Rxe7+ Qxe7 16. d6 Qe6 17. Bxb7 Ra7 18. Qf3 O-O 19. Be4 a5 20. Re1 Qxa2 21. Be5 Nc6 22. Bxc6 dxc6 23. b3 a4 24. Ra1 axb3 25.
Rxa2 bxa2 26. Ba1 Rd8 27. Qf4 Rad7 28. Qxb4 Rxd6+ 29. Kc1 Rd1+ 30. Kb2 Rb1+ 31. Ka3 Rxb4 32. Kxb4 Rd1 0-1

[Event "*** Titled Tuesday Blitz"]
[Site "Chess.com"]
[Date "2020.11.03"]
[Round "10"]
[White "Akhayan"]
[Black "WiktoriaPOL"]
[Result "1-0"]
[WhiteElo "2265"]
[BlackElo "2098"]
[TimeControl "180+1"]
[EndTime "11:59:20 PST"]
[Termination "Akhayan won by resignation"]

1. d4 Nf6 2. Nf3 g6 3. c4 Bg7 4.
Nc3 O-O 5. Bg5 d6 6. e3 Nbd7 7. Be2 e5 8. O-O h6 9. Bxf6 Qxf6 10. Qc2 exd4 11. Nxd4 Qe7 12. Nd5 Qd8 13. Rfd1 c6 14.
Nc3 Qc7 15. Rac1 Nf6 16. Bf3 Bf5 17. Nxf5 gxf5 18. Qxf5 Rae8 19. h3 Re5 20. Qd3 Nd7 21.
Qxd6 Qxd6 22. Rxd6 Nc5 23. Rcd1 Re6 24. Rxe6 Nxe6 25.
Rd2 Bxc3 26. bxc3 Kg7 27. Bd1 Nc5 28. Bc2 b5 29. cxb5 cxb5 30. Rd5 Rc8 31. Bb3 Nxb3 32. axb3 Rxc3 33. Rxb5 a6 34. Rb6 a5 35. Rb5 Kg6 36.
Rxa5 Rxb3 37. g3 Rb1+ 38. Kg2 Rb6 39. g4 f6 40. Kg3 Re6 41. h4 Rb6 42. h5+ Kg7 43.
Ra7+ Kg8 44. Kf4 Rb5 45. e4 Rb2 46. f3 Rb5 47. Rd7 Ra5 48. Rd5 Ra6 49. Kf5 Kf7 50.
Rd7+ Ke8 51. Rb7 Ra3 52. f4 Ra6 53. Kg6 Kf8 54. Rf7+ Ke8 55. Rxf6 1-0

[Event "*** Titled Tuesday Blitz"]
[Site "Chess.com"]
[Date "2020.11.03"]
[Round "10"]
[White "Grandelicious"]
[Black "olksuna"]
[Result "1-0"]
[WhiteElo "2789"]
[BlackElo "2624"]
[TimeControl "180+1"]
[EndTime "11:59:22 PST"]
[Termination "Grandelicious won on time"]

1. Nf3 Nf6 2. g3 b6 3. Bg2 Bb7 4. O-O g6 5. b3 Bg7 6. Bb2 O-O 7.
c4 c5 8. e3 d6 9. d4 cxd4 10. exd4 d5 11. Ne5 Nc6 12. Nc3 Na5 13. b4 Nc6 14. Nxd5 Nxd5 15. Bxd5 Bxe5 16. dxe5 e6 17.
Bg2 Qe7 18. a3 Rad8 19. Qg4 Rd3 20. Be4 Rd7 21. Qf3 Nd8 22. Rfd1 Rc7 23. Rac1 Bxe4 24. Qxe4 Nb7 25. Bd4 Rfc8 26. Be3 Nd8 27. h4 Qe8 28.
h5 Nc6 29. Bg5 Ne7 30. Bf6 Nd5 31. hxg6 fxg6 32. Bg5 Ne7 33. g4 Qf7 34. Rd2 b5 35. Rcd1 Qe8 36. cxb5 Nd5 37. Rxd5 exd5 38. Qxd5+ Qf7 39.
e6 Qe8 40. e7+ Qf7 41. Qe5 1-0

[Event "*** Titled Tuesday Blitz"]
[Site "Chess.com"]
[Date "2020.11.03"]
[Round "10"]
[White "MoreChessJulia"]
[Black "PawnEatingZombie"]
[Result "1-0"]
[WhiteElo "2073"]
[BlackElo "2138"]
[TimeControl "180+1"]
[EndTime "11:59:22 PST"]
[Termination "MoreChessJulia won on time"]

1. d4 d5 2. c4 e6 3. Nc3 Bb4 4.
cxd5 exd5 5. Bf4 c6 6. e3 Ne7 7. Bd3 Bf5 8. Ne2 O-O 9. a3 Bd6 10. Bg5 f6 11. Bh4 Nd7 12. Qc2 Bxd3 13. Qxd3 a5 14. Bg3 Nb6 15. b3 Qd7 16. f3 Nf5 17. Bxd6 Nxd6 18. O-O Rfe8 19. e4 Rad8 20. Rad1 Qe7 21.
Ng3 dxe4 22. fxe4 a4 23. bxa4 Ra8 24. Rfe1 Nxa4 25. e5 Nxc3 26. Qxc3 Nb5 27. Qd2 Qxa3 28. exf6 Qf8 29. fxg7 Qxg7 30. Nf5 Qf6 31. Qf4 Kh8 32. Rxe8+ Rxe8 33. h3 Rf8 34. g4 Qe6 35. Qe5+ Qxe5 36.
dxe5 Re8 37. Rd7 b6 38. Rb7 h5 39. Rxb6 hxg4 40. hxg4 Rxe5 41. Rxc6 Re4 42. Rh6+ Kg8 43. Rg6+ Kf7 44. Rg5 Kf6 45. Rg8 1-0

[Event "*** Titled Tuesday Blitz"]
[Site "Chess.com"]
[Date "2020.11.03"]
[Round "10"]
[White "pedromartinez91"]
[Black "BegmuratovKh2010"]
[Result "1-0"]
[WhiteElo "2597"]
[BlackElo "2460"]
[TimeControl "180+1"]
[EndTime "11:59:23 PST"]
[Termination "pedromartinez91 won by resignation"]

1. b3 Nf6 2. Bb2 g6 3. Bxf6 exf6 4. d4 Bg7 5. Nd2 O-O 6. e3 d5 7. Ngf3 b6 8. h4 h5 9. g3 c5 10.
Bh3 Bxh3 11. Rxh3 Nc6 12. c3 f5 13. Kf1 Rc8 14. Kg2 cxd4 15. cxd4 Nb4 16. Ne1 Qc7 17. a3 Nc2 18. Nxc2 Qxc2 19. Rh1 Qxd1 20. Rhxd1 Rc2 21. Nf3 Rfc8 22. Ne1 R2c3 23. Rab1 Bf8 24. a4 a6 25. Nd3 Bd6 26. Rbc1 Kf8 27. Kf1 Ba3 28. Rb1 Ke7 29.
Ke2 Kd6 30. Rd2 b5 31. axb5 axb5 32. b4 f6 33. Nc5 Rc4 34. Nd3 g5 35. Ra2 Rc2+ 36.
Rxc2 Rxc2+ 37. Kf1 Rd2 38. Rb3 Ra2 39. Kg2 Ra1 40.
Kf3 Bc1 41. Ke2 Ra2+ 42. Kd1 Ba3 43. Ke1 gxh4 44. gxh4 Ra1+ 45. Ke2 Ra2+ 46. Kf3 Ra1 47. Kf4 Ke6 48. Nc5+ Kf7 49. Kxf5 Ra2 50. Nd3 Ra1 51. Kf4 Bc1 52. Rc3 Bd2 53. Rc2 Rd1 54. Kf3 Rh1 55.
Rxd2 Rxh4 56. Nf4 Kg7 57. Nxd5 Kh7 58. Nf4 Kh6 59. d5 Kg5 60. d6 Rg4 61. d7 1-0

[Event "*** Titled Tuesday Blitz"]
[Site "Chess.com"]
[Date "2020.11.03"]
[Round "10"]
[White "anon481216"]
[Black "jaskol95"]
[Result "1/2-1/2"]
[WhiteElo "2395"]
[BlackElo "2331"]
[TimeControl "180+1"]
[EndTime "11:59:23 PST"]
[Termination "Game drawn by repetition"]

1. d4 e6 2. c4 f5 3. Nf3 Nf6 4. Nc3 Be7 5. e3 d6 6. Be2 O-O 7. O-O Qe8 8. b4 b6 9. a4 a5 10.
b5 Bb7 11. Ba3 Nbd7 12. Ne1 Ne4 13. Nxe4 fxe4 14. f4 exf3 15. Nxf3 Qg6 16. Bd3 Qh6 17. Qe2 Bg5 18. Nxg5 Qxg5 19. e4 e5 20. d5 Nf6 21.
Rf5 Qg6 22. Raf1 Bc8 23. R5f2 Bg4 24. Qe3 Nh5 25. g3 Nf4 26. Kh1 Nh3 27. Rxf8+ Rxf8 28. Rxf8+ Kxf8 29. Bc1 Qf6 30. Kg2 h5 31. Be2 Ke7 32. Bxg4 hxg4 33. Bd2 Kf7 34. Bc1 Qg6 35. Bd2 Kf6 36. Bc1 Qh7 37. Bd2 Qg6 38. Bc1 Qh5 39. Bd2 Qg6 1/2-1/2

[Event "*** Titled Tuesday Blitz"]
[Site "Chess.com"]
[Date "2020.11.03"]
[Round "10"]
[White "DishonorOnYourCow"]
[Black "Vi_Los"]
[Result "0-1"]
[WhiteElo "2403"]
[BlackElo "2347"]
[TimeControl "180+1"]
[EndTime "11:59:26 PST"]
[Termination "Vi_Los won by resignation"]

1. d4 Nf6 2. c4 e6 3. Nf3 d5 4. Nc3 Bb4 5. Bg5 h6 6. Bxf6 Qxf6 7. e3 O-O 8. Rc1 c6 9. Qb3 Bd6 10. Be2 Nd7 11. O-O dxc4 12. Bxc4 e5 13. Ne4 Qe7 14. Nxd6 Qxd6 15. dxe5 Nxe5 16. Nxe5 Qxe5 17. a4 Qg5 18. Kh1 b6 19. Rce1 Rb8 20. f4 Qe7 21. e4 b5 22.
axb5 cxb5 23. Bd5 a5 24. f5 a4 25. f6 Qe5 26. Qe3 Qg5 27. fxg7 Kxg7 28. Qa7 Bg4 29. Rxf7+ Rxf7 30. Qxf7+ Kh8 31. h3 Bh5 32. Rf1 Bxf7 33.
Bxf7 Rf8 34. Rf5 Qg7 35. Be6 Rxf5 36. exf5 Qxb2 0-1

[Event "*** Titled Tuesday Blitz"]
[Site "Chess.com"]
[Date "2020.11.03"]
[Round "10"]
[White "kot60"]
[Black "Na_binci"]
[Result "1-0"]
[WhiteElo "2364"]
[BlackElo "2158"]
[TimeControl "180+1"]
[EndTime "11:59:28 PST"]
[Termination "kot60 won by resignation"]

1. e4 c5 2. Nc3 d6 3. Bc4 g6 4. d3 Bg7 5. f4 Nc6 6. f5 Nf6 7. Nf3 O-O 8. fxg6 hxg6 9. O-O Nd4 10. Ng5 Rb8 11. a4 a6 12. a5 e6 13. Ne2 d5 14.
Nxd4 dxc4 15. Ndf3 cxd3 16. cxd3 b5 17. axb6 Qxb6 18.
Kh1 Bb7 19. Bf4 Rbd8 20. Be5 Nxe4 21. Bxg7 Kxg7 22. Qc2 Nf6 23. Ne5 Qb4 24. Qf2 Ng4 25. Qh4 Nh6 26. Nxe6+ fxe6 27. Qe7+ Kg8 28. Nxg6 Qg4 29.
Rxf8+ Rxf8 30. Qxf8+ Kh7 31. Qe7+ Kxg6 32. Qxb7 Qf4 33.
Qe4+ Qxe4 34. dxe4 Kf6 35. Rxa6 Ke5 36. Rc6 Kd4 37. Rxe6 Ng4 38. h4 Nf2+ 39. Kg1 Nxe4 40. h5 1-0

[Event "*** Titled Tuesday Blitz"]
[Site "Chess.com"]
[Date "2020.11.03"]
[Round "10"]
[White "fabianvivasz"]
[Black "Harry_Rakkel"]
[Result "0-1"]
[WhiteElo "2371"]
[BlackElo "2618"]
[TimeControl "180+1"]
[EndTime "11:59:29 PST"]
[Termination "Harry_Rakkel won on time"]

1. e4 c5 2. Nc3 e6 3. Nf3 a6 4. d4 cxd4 5. Nxd4 b5 6. Bd3 Bb7 7. O-O Ne7 8. Kh1 Nec6 9. Nxc6 Nxc6 10. f4 d6 11. Qg4 h5 12. Qh3 g6 13. f5 gxf5 14.
exf5 e5 15. Be4 Rc8 16. Be3 Na5 17. Rad1 Rxc3 18. Bxb7 Rxe3 19. Qxe3 Nxb7 20. Qa7 Nc5 21. b4 Nd7 22. Qxa6 Rg8 23. Qxb5 Qa8 24. Qd5 Qxd5 25.
Rxd5 Rg4 26. c3 Rc4 27. Rf3 Kd8 28. a4 Nb6 29. Ra5 e4 30. Rh3 Bg7 31. Ra6 Kc7 32.
a5 Nc8 33. b5 Bxc3 34. Rc6+ Rxc6 35. bxc6 Bxa5 36. Rxh5 d5 37. Rh7 d4 38. Rxf7+ Kxc6 39.
Rf8 Nd6 40. f6 d3 0-1

[Event "*** Titled Tuesday Blitz"]
[Site "Chess.com"]
[Date "2020.11.03"]
[Round "10"]
[White "FMalexhdez"]
[Black "TurboSteen"]
[Result "1/2-1/2"]
[WhiteElo "2294"]
[BlackElo "2028"]
[TimeControl "180+1"]
[EndTime "11:59:29 PST"]
[Termination "Game drawn by repetition"]

1. e4 e6 2. d4 d5 3. Nd2 Nf6 4. e5 Nfd7 5. f4 c5 6. Ndf3 Nc6 7. Ne2 Qb6 8. c3 Be7 9. Rb1 O-O 10. Be3 f6 11. exf6 Nxf6 12. dxc5 Bxc5 13. Bxc5 Qxc5 14. Ned4 Ne4 15. g3 e5 16. fxe5 Bg4 17. Be2 Bxf3 18. Bxf3 Nxe5 19. O-O Nxf3+ 20. Rxf3 Rxf3 21. Qxf3 Rf8 22. Qg4 h6 23. Rf1 Rxf1+ 24. Kxf1 Qc4+ 25. Kg1 Qxa2 26. Qe6+ Kh7 27. Qf5+ Kg8 28. Qc8+ Kh7 29. Qf5+ Kg8 30. Qe6+ Kh7 31. Qf5+ 1/2-1/2

[Event "*** Titled Tuesday Blitz"]
[Site "Chess.com"]
[Date "2020.11.03"]
[Round "10"]
[White "Trickov"]
[Black "Fischerev7"]
[Result "0-1"]
[WhiteElo "2323"]
[BlackElo "2409"]
[TimeControl "180+1"]
[EndTime "11:59:31 PST"]
[Termination "Fischerev7 won on time"]

1. d4 Nf6 2. Nf3 e6 3. g3 d5 4. Bg2 b5 5. O-O Bb7 6. a4 c6 7.
Ne5 Nbd7 8. f4 Bd6 9. b3 a5 10. c4 bxc4 11. bxc4 c5 12. Ba3 Qb6 13. cxd5 Nxd5 14.
Nxd7 Kxd7 15. e4 Ne3 16. Qh5 g6 17. dxc5 gxh5 18. cxb6 Bxa3 19. Nxa3 Nxf1 20. Kxf1 Rac8 21. Rd1+ Ke7 22. e5 Bxg2+ 23. Kxg2 Rc6 24. Nb5 Rxb6 25. Rc1 Rb7 26. Rc6 Ra8 27. Kh3 Kd7 28. Rd6+ Ke7 29.
Kh4 f6 30. Kxh5 fxe5 31. fxe5 Rf8 32. Ra6 Rf5+ 33. Kg4 Rxe5 34. Rxa5 Re2 35. h4 e5 36.
Nc3 Rd2 37. Ne4 Ke6 38. Nxd2 Rb4+ 39. Kf3 h5 40. Ne4 Rb3+ 41. Ke2 Rb2+ 42. Kd3 Rg2 43. Ra6+ Ke7 0-1

[Event "*** Titled Tuesday Blitz"]
[Site "Chess.com"]
[Date "2020.11.03"]
[Round "10"]
[White "SergeyShtyka"]
[Black "grunbergmihai"]
[Result "1-0"]
[WhiteElo "2390"]
[BlackElo "2468"]
[TimeControl "180+1"]
[EndTime "11:59:32 PST"]
[Termination "SergeyShtyka won by resignation"]

1. e4 c5 2. Nf3 e6 3. d4 cxd4 4. Nxd4 Nc6 5. Nc3 a6 6. Be3 Nf6 7. Bd3 Bb4 8. O-O O-O 9. Nce2 d5 10. Nxc6 bxc6 11. e5 Nd7 12. f4 Bc5 13. Qd2 Qb6 14. Bxc5 Nxc5 15. Qe3 Rb8 16. b3 f6 17. Kh1 Nxd3 18.
Qxb6 Rxb6 19. cxd3 fxe5 20. fxe5 c5 21. Kg1 a5 22.
Rac1 Rxf1+ 23. Kxf1 Rb5 24. d4 c4 25. bxc4 dxc4 26.
Rxc4 Bb7 27. Rc5 Rb2 28. Rxa5 Bd5 29. Nf4 Bxa2 30. h4 Rd2 31. Ra4 g6 32. Kg1 Kg7 33.
Kh2 h5 34. Kg3 Kh6 35. Kh2 g5 36. Nxe6 Bxe6 37. Ra6 Rxd4 38. Rxe6+ Kg7 39. hxg5 Rg4 40. g6 Rxg6 41. Rxg6+ Kxg6 42. Kg3 Kf5 43. Kh4 Kxe5 44. Kxh5 Kf6 45. g4 Kf7 46. Kh6 Kg8 47. Kg6 Kf8 48.
Kh7 1-0

[Event "*** Titled Tuesday Blitz"]
[Site "Chess.com"]
[Date "2020.11.03"]
[Round "10"]
[White "queen_iryna"]
[Black "guillembaches"]
[Result "0-1"]
[WhiteElo "2276"]
[BlackElo "2384"]
[TimeControl "180+1"]
[EndTime "11:59:32 PST"]
[Termination "guillembaches won by resignation"]

1. e4 c5 2. Nf3 d6 3. Bb5+ Bd7 4.
Bxd7+ Qxd7 5. c4 e5 6. O-O Nc6 7. Nc3 Be7 8. d3 Bd8 9. h3 Nge7 10. Nh2 O-O 11. f4 f5 12. Nf3 Nd4 13. fxe5 Nxf3+ 14. Qxf3 dxe5 15. Bg5 f4 16. Bxe7 Bxe7 17. Nd5 Bh4 18. Qh5 Bg3 19. Qxe5 Rae8 20. Qc7 Qe6 21. Qxc5 f3 22.
Nc3 Qg6 23. Qd5+ Kh8 24. e5 f2+ 25. Kh1 Bxe5 26. Ne4 h6 27. Rxf2 Rxf2 28. Nxf2 Qg3 29. Ng4 Bb8 30. Rf1 Re1 31. Qf7 Re2 32. Qf8+ Kh7 33.
Qf5+ Kh8 34. Qf8+ Kh7 35. Qf3 Qxf3 36. Rxf3 Rxb2 37. Rf2 Rb1+ 0-1

[Event "*** Titled Tuesday Blitz"]
[Site "Chess.com"]
[Date "2020.11.03"]
[Round "10"]
[White "Chamal_Gedgafov"]
[Black "ARTHURMOTIVATOR"]
[Result "0-1"]
[WhiteElo "2132"]
[BlackElo "2353"]
[TimeControl "180+1"]
[EndTime "11:59:33 PST"]
[Termination "ARTHURMOTIVATOR won on time"]

1. d4 Nf6 2. c4 c5 3. d5 g6 4. Nc3 Bg7 5. Nf3 d6 6. e4 O-O 7.
h3 e6 8. Be2 Na6 9. O-O e5 10.
a3 h6 11. Rb1 Nh5 12. b4 Nf4 13. Be3 b6 14. Ne1 f5 15. Nd3 Nxe2+ 16. Qxe2 f4 17. Bd2 f3 18. gxf3 Bxh3 19. Rfc1 Qh4 20. bxc5 Rf4 21. Bxf4 exf4 22. Nxf4 Qxf4 23. Qe3 Qh4 24. f4 Rf8 25. Ne2 Nxc5 26. Qg3 Qh5 27. f3 Nxe4 28. fxe4 Qxe2 29. Qxh3 Rxf4 30. Rf1 Rg4+ 31. Kh1 Qxe4+ 32. Kh2 Be5+ 0-1